 Dungeon Crawl Stone Soup version 0.30.0-5-g1a98f26d00 (webtiles) character file.

Game seed: 15339011555606811107

895 buriedalive the Chiller (level 7, -1/36 HPs)
             Began as a Deep Elf Ice Elementalist on May 11, 2023.
             Slain by an iguana (13 damage)
             ... on level 5 of the Dungeon.
             The game lasted 00:12:00 (4869 turns).

buriedalive the Chiller (Deep Elf Ice Elementalist) Turns: 4869, Time: 00:12:00

Health: -1/36      AC:  4    Str:  5    XL:     7   Next: 78%
Magic:  18/18      EV: 15    Int: 22    God:
Gold:   1248       SH:  0    Dex: 15    Spells: 7/18 levels left

rFire   . . .        k - +0 long sword (holy)
rCold   . . .        (no shield)
rNeg    . . .        a - +0 robe
rPois   .            l - +0 helmet
rElec   .            j - +0 cloak
rCorr   .            (no gloves)
SInv    .            (no boots)
Will    .....        c - amulet of magic regeneration
Stlth   ++           (no ring)
HPRegen 0.26/turn    (no ring)
MPRegen 0.56/turn

%: no passive effects
@: no status effects
A: no striking features
a: no special abilities


You were on level 5 of the Dungeon.
You visited 1 branch of the dungeon, and saw 5 of its levels.

You collected 1248 gold pieces.

Inventory:

Hand Weapons
 d - a +0 whip
 k - a +0 long sword of holy wrath (weapon)
 u - a +2 whip of freezing
Missiles
 e - 27 poisoned darts
 f - 67 stones
Armour
 a - a +0 robe (worn)
 j - a +0 cloak (worn)
 l - a +0 helmet (worn)
Magical Staves
 r - a staff of cold
 t - a staff of death
Jewellery
 c - an amulet of magic regeneration (around neck)
 o - an amulet of the acrobat
Wands
 m - a wand of charming (4)
 n - a wand of flame (42)
 w - a wand of roots (9)
Scrolls
 q - a scroll of blinking
 s - a scroll of teleportation
 x - a scroll of torment {unknown}
 y - a scroll of noise {unknown}
 A - a scroll of fear {unknown}
Potions
 b - a potion of magic
 g - a potion of invisibility
 h - 3 potions of curing
 i - a potion of berserk rage
 p - a potion of resistance {unknown}
 v - a potion of heal wounds {unknown}
 z - a potion of brilliance {unknown}


   Skills:
 + Level 7.1 Dodging
 - Level 2.4 Stealth
 - Level 6.0 Spellcasting
 + Level 7.6 Ice Magic


You had 7 spell levels left.
You knew the following spells:

 Your Spells              Type           Power      Damage    Failure   Level
a - Freeze                Ice            100%       1d10      1%          1
b - Ozocubu's Armour      Ice            40%        N/A       1%          3
c - Frozen Ramparts       Ice            80%        1d13      1%          3
d - Summon Ice Beast      Ice/Summ       23%        N/A       19%         4

Your spell library contained the following spells:

 Spells                   Type           Power      Damage    Failure   Level
 Apportation              Tloc           12%        N/A       9%          1
 Kiss of Death            Conj/Necr      24%        2d7       9%          1
 Lesser Beckoning         Tloc           12%        N/A       14%         2
 Sublimation of Blood     Necr           6%         N/A       14%         2
 Ice Form                 Ice/Tmut       23%        N/A       19%         4
 Gell's Gravitas          Tloc           6%         N/A       26%         3
 Teleport Other           Tloc           6%         N/A       26%         3
 Animate Dead             Necr           6%         N/A       65%         4
 Alistair's Intoxication  Tmut/Pois      4%         N/A       94%         5


Dungeon Overview and Level Annotations

Branches:
Dungeon (5/15)
 Temple: D:4-7

Altars:
Nemelex Xobeh
Zin

Shops:
D:3 (

Annotations:
D:5 Woods's ghost, amateur GnRe


Message History

Magic restored.
You start resting.
HP restored.
You start waiting.
Done waiting.
A sleepcap is nearby! 2 orcs come into view.
Found a ring mail.
Found a stone staircase leading down.
An iguana and an orc come into view.
The orc shouts! x2; You hear a shout!
The sleepcap closely misses you.
An orc wizard comes into view. It is wielding a +0 dagger.
The iguana hisses angrily.
You hit the sleepcap.
You punch the sleepcap, but do no damage.
The sleepcap is lightly damaged.
The sleepcap misses you. The sleepcap closely misses you.
You hit the sleepcap.
The sleepcap is lightly damaged.
The orc hits you from afar with a +0 trident.
The sleepcap releases spores at you. The orc attacks as you move away!
The orc hits you but does no damage. The sleepcap attacks as you move away!
The sleepcap releases spores at you. The orc wizard casts a spell at you.
You are confused.
The orc attacks as you move away! The orc hits you with a +0 hand axe.
The orc wizard gestures wildly while chanting.
The orc wizard flickers and vanishes!
Deactivating autopickup; reactivate with Ctrl-A.
The sleepcap releases spores at you but does no damage.
The orc hits you but does no damage.
You bump into the rock wall.
The sleepcap closely misses you. The orc closely misses you. x3
You're too confused to move!
The sleepcap closely misses you. The orc hits you with a +0 hand axe.
The orc hits you from afar with a +0 trident.
The orc misses you.
You feel less confused. The iguana bites you!
You die...

#...............#
#............... ..# #..
#....?.........#
#..##..##.............$#
#..#..###............#
#....# ##...........#
#...# ##.oo......## #..#
##f.l>...## .
#.######.@o...## .. #
#............## ...
.##### #.......#....##
....
.....###.#########...##
..... .........#
###..##...... ........##
###†....... ........#
##†...... >......##
##..... .......# ....


You could see a sleepcap, an iguana and 3 orcs.

Vanquished Creatures
  A black bear (D:4)
  A phantom (D:4)
  A bullfrog (D:5)
  2 scorpions (D:4)
  An orc priest (D:4)
  A jelly (D:3)
  A hound (D:4)
  A sleepcap (D:5)
  2 iguanas (D:4)
  Terence (D:3)
  An orc wizard (D:4)
  Robin (D:2)
  8 adders
  3 adder skeletons (D:2)
  An adder zombie (D:2)
  2 dart slugs
  7 orcs (D:4)
  2 ball pythons
  4 bats
  2 bat skeletons (D:2)
  12 endoplasms
  3 giant cockroaches
  12 goblins
  8 hobgoblins
  5 jackals
  13 kobolds
  5 quokkas
  A ball python skeleton (D:2)
  2 ball python zombies (D:2)
  A frilled lizard (D:2)
  4 rats
109 creatures vanquished.

Vanquished Creatures (collateral kills)
  Menkaure (D:4)
1 creature vanquished.

Grand Total: 110 creatures vanquished

Notes
Turn   | Place    | Note
-------+----------+-------------------------------------------
     0 | D:1      | buriedalive the Deep Elf Ice Elementalist began the quest
                  | for the Orb.
     0 | D:1      | Reached XP level 1. HP: 10/10 MP: 6/6
   280 | D:1      | Reached XP level 2. HP: 15/15 MP: 5/8
   845 | D:2      | Reached XP level 3. HP: 19/19 MP: 8/10
   849 | D:2      | Learned a level 3 spell: Ozocubu's Armour
   853 | D:2      | Learned a level 3 spell: Frozen Ramparts
   971 | D:2      | Noticed Robin
   993 | D:2      | Killed Robin
   994 | D:2      | Reached skill level 5 in Ice Magic
  1080 | D:2      | Reached XP level 4. HP: 21/24 MP: 12/12
  1657 | D:3      | Noticed Terence
  1709 | D:3      | Killed Terence
  1964 | D:3      | Reached XP level 5. HP: 28/28 MP: 12/14
  2209 | D:3      | Reached skill level 5 in Spellcasting
  2358 | D:3      | Found Xeshragu's Weapon Boutique.
  2653 | D:3      | Found a faded altar of an unknown god.
  2840 | D:4      | Found a sparkling altar of Nemelex Xobeh.
  2934 | D:4      | Noticed a phantom
  2943 | D:4      | Reached XP level 6. HP: 30/32 MP: 12/16
  2963 | D:4      | Reached skill level 5 in Dodging
  3205 | D:4      | Learned a level 4 spell: Summon Ice Beast
  3530 | D:4      | Reached XP level 7. HP: 12/36 MP: 14/18
  4101 | D:4      | Identified 3 scrolls of acquirement
  4101 | D:4      | Acquired Goyhieq's Spellbook of the Charnel House
  4102 | D:4      | Acquired 1055 gold pieces
  4103 | D:4      | Acquired a staff of cold
  4260 | D:4      | Noticed Menkaure
  4281 | D:4      | Killed Menkaure
  4395 | D:4      | Found a glowing silver altar of Zin.
  4395 | D:4      | Noticed an angel
  4605 | D:5      | Entered Level 5 of the Dungeon
  4634 | D:5      | Found a runed translucent door.
  4646 | D:5      | Noticed Woods's ghost (amateur GnRe)
  4869 | D:5      | Slain by an iguana

Illustrated notes

Levels and vault maps discovered:
D:1:      mushboom_english_gardens, layout_basic, minmay_misc_feat_doors,
          minmay_misc_feat_square
D:2:      layout_rooms, serial_undead, serial_undead_a, serial_undead_d,
          serial_undead_b, serial_undead_b, serial_undead_e, serial_undead_b,
          serial_undead_e, uniq_robin
D:3:      cheibrodos_fertilizer, layout_loops_ring, serial_shops,
          nicolae_shop_waterfront, shapermc_ecumenical_altar_mp_highgroup,
          uniq_terence
D:4:      wander_river, layout_basic, zin_angel,
          nemelex_xobeh_ov_fountains_minmay, st_stairs_9, uniq_menkaure
D:5:      layout_cave_pods, minmay_temple_entry_hall, ebering_ghost_sewer_d,
          uniq_eustachio

Skill      XL: |  1  2  3  4  5  6  7 |
---------------+----------------------+-----
Dodging        | 3 4 5 7 |  7.1
Spellcasting   | 4 5 6 |  6.0
Ice Magic      | 5 6 7 |  7.6
Stealth        | |  2.4

Action                     |  1- 3 |  4- 6 |  7- 9 || total
---------------------------+-------+-------+-------++-------
  Melee: Whip              |    56 |    46 |       ||   102
         Punch             |     2 |     2 |     1 ||     5
         Long sword        |       |    55 |    18 ||    73
         Staff             |       |       |     8 ||     8
  Throw: Dart              |       |       |     1 ||     1
   Cast: Freeze            |    28 |    28 |     8 ||    64
         Frozen Ramparts   |     2 |    12 |     7 ||    21
         Ozocubu's Armour  |       |     2 |     1 ||     3
         Summon Ice Beast  |       |       |     1 ||     1
  Evoke: Wand              |       |       |     3 ||     3
    Use: Scroll            |     2 |     2 |     5 ||     9
         Potion            |       |     1 |     1 ||     2
   Stab: Sleeping          |     2 |     2 |     1 ||     5
 Armour: Robe              |    29 |    39 |    10 ||    78
  Dodge: Dodged            |    71 |   112 |    45 ||   228
